Map: Rhoskallian LE

Players

qqq - Winner!

  • Race: Zerg Zerg
  • Spawn Location: 12:00

Massa - Winner!

  • Race: Terran Terran
  • League: Platinum
  • Spawn Location: 11:00

BLACKAMBUSH

  • Race: Terran Terran
  • Spawn Location: 5:00

Taureg

  • Race: Zerg Zerg
  • League: Diamond
  • Spawn Location: 6:00

VOD

Have the link to the VOD?

Description

Time

  • Played on: March 10, 2021, 4:15 p.m.
  • Length: 7:00
Show
View Real Time Build Order
Export as new Build Order

qqq Zerg - Winner!

Build Orders: Hatch First 

Get SALT Encoding   

  12  0:04  Drone  
  13  0:13  Drone  
  14  0:19  Overlord  
  14  0:46  Hatchery  
  13  0:52  Drone  
  13  0:53  Drone  
  15  1:27  Drone x3  
  15  1:31  Extractor, Spawning Pool  
  16  1:38  Drone  
  17  1:53  Drone  
  18  2:01  Drone x2  
  20  2:09  Drone  
  20  2:12  Drone  
  22  2:21  Queen  
  22  2:22  Queen  
  26  2:27  Drone  
  26  2:28  Drone  
  28  2:33  Overlord  
  28  2:39  Metabolic Boost  
  28  2:45  Overlord  
  28  2:52  Zergling x2  
  28  2:54  Drone  
  30  3:01  Baneling Nest  
  30  3:05  Drone x3  
  31  3:07  Drone  
  33  3:14  Evolution Chamber  
  33  3:17  Zergling x2  
  33  3:18  Drone  
  34  3:25  Zergling x4  
  36  3:32  Zergling x4  
  36  3:34  Overlord  
  38  3:36  Zergling x2  
  39  3:41  Zergling x4  
  39  3:42  Zergling x2  
  39  3:44  Zergling x2  
  43  3:49  Zerg Melee Weapons Level 1  
  43  3:52  Zergling x2  
  43  3:55  Zergling x2  
  45  4:05  Zergling x4  
  45  4:06  Drone  
  45  4:07  Zergling x4  
  50  4:13  Zergling x4  
  50  4:15  Overlord  
  52  4:20  Overlord  
  52  4:29  Overlord  
  52  4:30  Overlord  
  45  4:46  Zergling x2  
  45  4:47  Zergling x8  
  48  4:56  Lair  
  48  4:57  Zergling x10  
  54  5:07  Zergling x4  
  54  5:13  Zergling x4  
  51  5:22  Zergling x8  
  51  5:28  Zergling x8  
  54  5:32  Drone  
  53  5:54  Zergling x8  
  57  6:04  Hatchery  
  56  6:09  Spire  
  56  6:10  Zergling x6  
  56  6:11  Zergling x4  
  60  6:18  Zergling x2  
  60  6:19  Drone, Zergling x4  
  62  6:41  Zergling x2  
  62  6:42  Zergling x6  
  62  6:43  Zergling x2  
Show
View Real Time Build Order
Export as new Build Order

Massa Terran - Winner!

Build Orders: 2 Factory 

Get SALT Encoding   

  12  0:00  SCV  
  13  0:12  SCV  
  14  0:24  SCV  
  14  0:25  Supply Depot  
  15  0:47  SCV  
  15  0:48  Barracks  
  16  0:50  Refinery  
  16  0:59  SCV  
  17  1:11  SCV  
  18  1:23  SCV  
  19  1:35  SCV  
  20  1:47  SCV  
  20  1:52  Reaper  
  22  1:56  Supply Depot  
  22  1:58  Command Center  
  22  2:00  Orbital Command  
  22  2:24  Factory, Marine  
  22  2:27  SCV  
  24  2:32  Refinery  
  24  2:39  SCV  
  25  2:49  Barracks Tech Lab  
  25  2:51  SCV  
  26  3:07  SCV  
  27  3:13  Factory  
  27  3:15  Barracks Reactor  
  27  3:18  Hellion  
  29  3:25  SCV  
  29  3:26  Orbital Command  
  30  3:37  SCV  
  30  3:39  Hellion  
  33  3:41  Starport  
  33  3:45  Infernal Pre-Igniter  
  33  3:58  SCV x2  
  39  4:02  Barracks Tech Lab, Hellion  
  39  4:03  Hellion x2  
  41  4:10  SCV x2  
  43  4:17  Engineering Bay  
  43  4:20  Starport Tech Lab  
  43  4:22  SCV  
  43  4:23  SCV  
  45  4:24  Stimpack  
  45  4:29  Supply Depot  
  45  4:30  Supply Depot  
  45  4:44  Hellion  
  45  4:51  Hellion x2  
  49  5:05  Hellion  
  47  5:12  Hellion x2  
  47  5:29  Raven, Missile Turret  
  47  5:30  Marine  
  47  5:34  Hellion x3  
  50  5:40  SCV x2  
  52  5:47  Missile Turret  
  52  5:52  SCV x2  
  52  5:55  Hellion, Siege Tank  
  59  5:58  Marauder  
  61  6:04  SCV  
  61  6:07  Concussive Shells  
  61  6:08  Missile Turret  
  62  6:15  Barracks  
  62  6:16  Barracks  
  62  6:17  Supply Depot  
  62  6:19  Barracks  
  62  6:20  Supply Depot  
  62  6:21  Supply Depot x2  
  62  6:30  Missile Turret  
  62  6:34  SCV x2  
  62  6:39  Widow Mine  
  64  6:52  Missile Turret  
Show
View Real Time Build Order
Export as new Build Order

BLACKAMBUSH Terran 

Build Orders: 1/1/1, Liberator Opening 

Get SALT Encoding   

  12  0:01  SCV  
  13  0:13  SCV  
  14  0:18  Supply Depot  
  14  0:25  SCV  
  15  0:32  Refinery  
  15  0:40  SCV  
  16  0:46  Barracks  
  16  0:52  SCV  
  17  1:03  Refinery  
  17  1:04  SCV  
  18  1:19  SCV  
  19  1:27  Supply Depot  
  19  1:31  SCV  
  20  1:34  Factory  
  20  1:41  Barracks Reactor  
  20  1:45  SCV  
  21  2:00  Orbital Command  
  21  2:18  Supply Depot  
  21  2:22  Factory Tech Lab  
  21  2:26  Starport  
  21  2:28  Barracks Reactor  
  22  2:30  SCV  
  22  2:42  SCV  
  23  2:45  Supply Depot  
  23  2:54  SCV  
  23  2:57  Siege Tank  
  27  3:11  Viking x2  
  31  3:15  Marine x2  
  33  3:30  Supply Depot  
  33  3:35  Siege Tank  
  33  3:40  Marine x2  
  38  3:58  Liberator  
  41  4:10  Command Center  
  41  4:22  Marine x2  
  41  4:24  Siege Tank  
  34  4:56  Siege Tank  
  34  4:58  Marine x2  
  34  5:28  Siege Tank  
  35  5:36  Marine x2  
  37  5:42  Orbital Command  
  37  5:46  Command Center  
  37  5:48  Engineering Bay  
  37  5:52  Viking  
  37  5:54  Viking  
  41  6:00  Siege Tank  
  44  6:09  Marine x2  
  44  6:11  SCV x2  
  48  6:13  Missile Turret  
Show
View Real Time Build Order
Export as new Build Order

Taureg Zerg 

Build Orders: Hatch First 

Get SALT Encoding   

  12  0:00  Drone  
  13  0:13  Overlord  
  13  0:22  Drone  
  14  0:33  Drone x2  
  16  0:53  Hatchery  
  16  0:57  Drone  
  16  0:59  Drone  
  16  1:04  Drone  
  18  1:12  Extractor  
  18  1:17  Drone  
  18  1:27  Drone  
  19  1:42  Drone  
  19  1:43  Drone  
  20  1:51  Overlord  
  20  1:54  Spawning Pool  
  19  2:03  Drone  
  19  2:07  Drone  
  21  2:15  Drone  
  22  2:18  Drone  
  23  2:24  Drone  
  23  2:28  Drone  
  25  2:36  Drone  
  26  2:41  Drone  
  27  2:45  Zergling x2  
  27  2:48  Hatchery  
  27  2:53  Drone  
  27  2:58  Queen x2  
  28  3:00  Overlord  
  28  3:01  Zergling x2  
  33  3:07  Zergling x2  
  34  3:17  Metabolic Boost  
  34  3:19  Zergling x4  
  36  3:24  Zergling x2  
  37  3:30  Drone  
  38  3:39  Roach Warren  
  37  3:43  Extractor  
  37  3:44  Zergling x6  
  38  3:55  Drone  
  38  3:56  Drone  
  38  3:59  Drone  
  41  4:06  Drone  
  41  4:07  Drone  
  43  4:12  Drone x2  
  45  4:17  Lair  
  45  4:18  Drone x4  
  45  4:23  Overlord  
  49  4:39  Overlord x2  
  46  4:48  Roach x6  
  46  4:51  Roach  
  46  4:52  Roach  
  57  5:03  Roach x3  
  50  5:20  Roach x6  
  56  5:26  Ravager x2  
  55  5:28  Drone  
  55  5:35  Drone  
  57  5:39  Drone x2  
  59  5:46  Drone x2  
  61  5:55  Drone x3  
  64  5:57  Drone  
  65  6:05  Ravager  
  65  6:09  Drone x3  
  69  6:20  Drone x5  
  74  6:27  Overlord  
  74  6:37  Overlord  
Tags
 
Add a new tag
Caveats
  • Supply blocks, unpowered buildings, or Contaminate may cause inaccurate times.
  • Supply counts are checked every 10 seconds.